 Dungeon Crawl Stone Soup version 0.16-a0-3634-g7a4f397 (webtiles) character file.

1247 oshikia the Insei (level 8, -3/60 HPs)
             Began as a Demonspawn Monk on Jan 14, 2015.
             Was a Believer of Cheibriados.
             Slain by a troll (10 damage)
             ... on level 6 of the Dungeon.
             The game lasted 00:19:00 (5227 turns).

oshikia the Insei (Demonspawn Monk)                 Turns: 5227, Time: 00:19:00

Health: -3/60      AC:  9    Str: 16    XL:     8   Next: 25%
Magic:  7/9        EV: 18    Int: 16    God:    Cheibriados [**....]
Gold:   336        SH: 10    Dex: 21    Spells: 0 memorised, 7 levels left

rFire  . . .     SeeInvis .     i - +1 dagger (venom)
rCold  . . .     Clarity  .     a - +0 robe
rNeg   . . .     SustAb   .     u - +2 buckler
rPois  +         Gourm    .     J - +1 hat
rElec  +         Spirit   .     y - +1 cloak "Kuzefiq" {rElec rPois+}
rCorr  .         Warding  .     t - +0 pair of gloves
rMut   .         Stasis   .     (no boots)
MR     .....                    (no amulet)
Stlth  ++........               (no ring)
                                r - +3 ring of evasion

@: very slightly contaminated, hasted, not resistant to hostile enchantments,
unstealthy
A: large bone plates 2, spiny 2
a: Bend Time, Renounce Religion


You were on level 6 of the Dungeon.
You worshipped Cheibriados.
Cheibriados was pleased with you.
You were not hungry.

You visited 2 branches of the dungeon, and saw 7 of its levels.
You also visited: Ossuary.

You collected 336 gold pieces.

Inventory:

Hand weapons
 i - a +1 dagger of venom (weapon)
Missiles
 k - a tomahawk (quivered)
Armour
 a - a +0 robe (worn)
 t - a +0 pair of gloves (worn)
 u - a +2 buckler (worn)
 y - the +1 cloak "Kuzefiq" (worn) {rElec rPois+}
   (You found it on level 4 of the Dungeon)

   It insulates you from electricity.
   It protects you from poison.
 J - a +1 hat (worn)
Jewellery
 r - a +3 ring of evasion (left hand)
 N - an uncursed ring of flight {unknown}
Scrolls
 e - 9 scrolls of identify
 g - a scroll of amnesia {unknown}
 n - 2 scrolls of enchant armour {unknown}
 p - 7 scrolls of remove curse
 w - 3 scrolls of fear {unknown}
 x - 2 scrolls of recharging {unknown}
 z - a scroll of fog {unknown}
 A - a scroll of magic mapping {unknown}
 C - a scroll of random uselessness {unknown}
 I - 2 scrolls of teleportation {unknown}
Potions
 d - a potion of cure mutation {unknown}
 f - a potion of mutation {unknown}
 h - 3 potions of haste
 l - 2 potions of cancellation {unknown}
 m - a potion of brilliance {unknown}
 o - 2 potions of poison
 q - a potion of heal wounds {unknown}
 s - a potion of degeneration {unknown}
 E - a potion of might {unknown}
 F - a potion of magic {unknown}
 G - a potion of restore abilities
 H - 2 potions of berserk rage {unknown}
 K - a potion of curing {unknown}
Books
 v - a book of Debilitation

   Spells                             Type                      Level
   a - Corona                         Hexes                        1
   b - Slow                           Hexes                        2
   c - Inner Flame                    Hexes/Fire                   3
   d - Enslavement                    Hexes                        4
   e - Cause Fear                     Hexes                        4
   f - Leda's Liquefaction            Hexes/Earth                  4
 D - a book of the Dragon

   Spells                             Type                      Level
   a - Flight                         Charms/Air                   3
   b - Cause Fear                     Hexes                        4
   c - Bolt of Fire                   Conjuration/Fire             6
   d - Dragon Form                    Transmutation                7
   e - Dragon's Call                  Summoning                    9
Comestibles
 b - 4 bread rations
 c - 2 fruits
 j - 2 slices of pizza
 B - 3 beef jerkies
 L - a meat ration
 M - a royal jelly
 O - a chunk of flesh


   Skills:
 + Level 3.9 Fighting
 - Level 4.6 Throwing
 + Level 4.6 Dodging
 - Level 1.7 Stealth
 + Level 2.7 Shields
 * Level 6.4 Unarmed Combat
 + Level 1.0 Invocations


You had 7 spell levels left.
You didn't know any spells.

Dungeon Overview and Level Annotations

Branches:
Dungeon (6/15)             Temple (1/1) D:5

Altars:
Ashenzari
Cheibriados
Dithmenos
Elyvilon
Fedhas
Gozag
Kikubaaqudgha
Makhleb
Nemelex Xobeh
Okawaru
Qazlal
Ru
Sif Muna
Trog
Vehumet
Xom
Yredelemnul
Zin
The Shining One


Innate Abilities, Weirdness & Mutations

You are mostly covered in large bone plates (AC +3, SH +3).
You are mostly covered in sharp spines.


Message History

The troll misses you. You block the troll's attack. The troll misses you.
Drink which item? (? for menu, Esc to quit)
It was a potion of haste.
You feel yourself speed up.
Cheibriados forgives your accidental hurry, just this once.
You are very lightly contaminated with residual magic.
The troll is no longer moving slowly.
You hit the troll but do no damage.
The troll looks even sicker.
The troll is heavily wounded.
You block the troll's attack. The troll claws you!
* * * LOW HITPOINT WARNING * * *
You block the troll's attack.
You are too injured to fight recklessly!
Drink which item? (? for menu, Esc to quit)
Okay, then.
Drink which item? (? for menu, Esc to quit)
It was a potion of poison.
You feel slightly nauseous.
Drink which item? (? for menu, Esc to quit)
It was a potion of restore abilities.
You feel refreshed. The troll barely misses you. You block the troll's attack.
The troll claws you!
You die...

#..............
#............#
#.........#
##......###
#......#
#....##)#
#....####.#####
!...# ##.T...#
.## ###..@..##
#.......#
##.....##
#.....#
##....##
#..#..# ####
#####.# ##..#
#.# ##...#
#.###>...##


You could see a troll.

Vanquished Creatures
  Eustachio (D:5)
  A phantom (D:5)
  4 ogres
  A goliath beetle (D:6)
  A centaur zombie (D:5)
  A human zombie (Ossuary)
  A gnoll shaman (D:5)
  2 hounds
  2 orc wizards (D:4)
  5 worker ants
  4 mummies (Ossuary)
  A hound skeleton (D:5)
  8 gnolls
  5 adders
  2 giant mites
  3 worms
  An adder skeleton (D:5)
  An adder zombie (Ossuary)
  4 giant geckos
  An ooze (D:3)
  6 orcs
  7 bats
  A gnoll zombie (Ossuary)
  6 hobgoblins
  8 kobolds
  5 quokkas
  3 ball pythons
  4 giant cockroaches
  4 giant newts
  9 goblins
  3 goblin zombies (Ossuary)
  2 hobgoblin zombies (Ossuary)
  15 jackals
  A jackal zombie (Ossuary)
  A kobold zombie (Ossuary)
  A quokka zombie (D:4)
  13 rats
  2 rat zombies
140 creatures vanquished.

Vanquished Creatures (others)
  A jackal zombie (Ossuary)
1 creature vanquished.

Grand Total: 141 creatures vanquished

Notes
Turn   | Place    | Note
--------------------------------------------------------------
     0 | D:1      | oshikia, the Demonspawn Monk, began the quest for the Orb.
     0 | D:1      | Reached XP level 1. HP: 18/18 MP: 1/1
   345 | D:1      | Gained mutation: You are partially covered in sharp spines. [demonic ancestry]
   345 | D:1      | Reached XP level 2. HP: 17/24 MP: 2/2
   396 | D:1      | Reached skill level 1 in Throwing
  1155 | D:2      | Reached skill level 4 in Unarmed Combat
  1264 | D:2      | Gained mutation: You are mostly covered in sharp spines. [demonic ancestry]
  1264 | D:2      | Reached XP level 3. HP: 15/29 MP: 3/3
  1915 | D:3      | Reached XP level 4. HP: 22/35 MP: 4/4
  2526 | D:3      | Gained mutation: You are partially covered in large bone plates (AC +2, SH +2). [demonic ancestry]
  2526 | D:3      | Reached XP level 5. HP: 39/41 MP: 5/5
  2637 | D:4      | Noticed an ogre
  2651 | D:4      | Killed an ogre
  2651 | D:4      | Reached skill level 1 in Shields
  2881 | D:4      | Reached XP level 6. HP: 47/47 MP: 6/6
  2887 | D:4      | Got a transparent cloak
  2888 | D:4      | Identified the +1 cloak "Kuzefiq" {rElec rPois+} (You found it on level 4 of the Dungeon)
  2965 | D:4      | Found a bloodstained altar of Trog.
  3024 | D:4      | Noticed an ogre
  3036 | D:4      | Killed an ogre
  3036 | D:4      | Reached skill level 5 in Unarmed Combat
  3129 | D:4      | Found a sand-covered staircase.
  3140 | Ossuary  | Entered an ossuary
  3402 | Ossuary  | Gained mutation: You are mostly covered in large bone plates (AC +3, SH +3). [demonic ancestry]
  3402 | Ossuary  | Reached XP level 7. HP: 52/52 MP: 7/7
  3539 | D:4      | Noticed an ogre
  3562 | D:4      | Killed an ogre
  3996 | D:5      | Entered Level 5 of the Dungeon
  4219 | D:5      | Noticed Eustachio
  4236 | D:5      | Killed Eustachio
  4236 | D:5      | Reached skill level 6 in Unarmed Combat
  4511 | D:5      | Found a staircase to the Ecumenical Temple.
  4517 | Temple   | Entered the Ecumenical Temple
  4684 | D:5      | Reached XP level 8. HP: 59/59 MP: 8/8
  4813 | D:6      | Found a sparkling altar of Nemelex Xobeh.
  4813 | D:6      | Found a burning altar of Makhleb.
  4813 | D:6      | Found an opulent altar of Gozag.
  4813 | D:6      | Found a sacrificial altar of Ru.
  4814 | D:6      | Found a snail-covered altar of Cheibriados.
  4844 | D:6      | Became a worshipper of Cheibriados the Contemplative
  4994 | D:6      | Noticed a troll
  5031 | D:6      | Reached skill level 1 in Invocations
  5227 | D:6      | Slain by a troll

Action                   |  1- 3 |  4- 6 |  7- 9 || total
-------------------------+-------+-------+-------++-------
Melee: Unarmed           |    15 |    90 |    83 ||   188
       Dagger            |    74 |   143 |   166 ||   383
Throw: Tomahawk          |     2 |     3 |       ||     5
Invok: Bend Time         |       |       |     1 ||     1
  Use: Scroll            |       |     1 |     1 ||     2
       Potion            |       |       |     3 ||     3
 Stab: Sleeping          |     1 |     4 |     3 ||     8
       Distracted        |       |     1 |       ||     1
  Eat: Chunk             |     3 |     4 |     7 ||    14
